 Dungeon Crawl Stone Soup version 0.29.1-2-gbd0b4ee654 (webtiles) character file.

Game seed: 17780555044638606628

397 LustLizard the Chiller (level 6, -5/36 HPs)
             Began as a Gargoyle Ice Elementalist on Nov 18, 2022.
             Was an Initiate of Makhleb.
             Slain by an orc warrior
             ... wielding a +0 war axe
              (12 damage)
             ... on level 4 of the Dungeon.
             The game lasted 00:06:14 (3818 turns).

LustLizard the Chiller (Gargoyle Ice Elementalist)  Turns: 3818, Time: 00:06:14

Health: -5/36      AC: 13    Str: 15    XL:     6   Next: 83%
Magic:  3/10       EV: 12    Int: 18    God:    Makhleb [......]
Gold:   226        SH:  0    Dex: 10    Spells: 4/11 levels left

rFire   . . .      SeeInvis +   i - +0 whip
rCold   . . .      Faith    .   (no shield)
rNeg    + . .      Spirit   .   v - +0 leather armour of Autumn {Str+4}
rPois   ∞          Reflect  .   (no helmet)
rElec   +          Harm     .   (no cloak)
rCorr   .          Rampage  .   m - +0 pair of gloves
Will    .....                   (no boots)
Stlth   ++........              (no amulet)
HPRegen 0.12/turn               c - ring of see invisible
MPRegen 0.12/turn               x - +4 ring of slaying

@: ice-armoured, freezing walls
A: sickness immunity, AC +4, negative energy resistance 1, electricity
resistance, torment resistance 1, petrification resistance
a: Renounce Religion


You were on level 4 of the Dungeon.
You worshipped Makhleb.
Makhleb was noncommittal.
You visited 2 branches of the dungeon, and saw 5 of its levels.

You collected 226 gold pieces.

Inventory:

Hand Weapons
 i - a +0 whip (weapon)
Missiles
 n - a throwing net
Armour
 a - a +0 robe
 g - a +0 leather armour
 l - a +1 ring mail of fire resistance
 m - a +0 pair of gloves (worn)
 v - the +0 leather armour of Autumn (worn) {Str+4}
   (You found it on level 3 of the Dungeon)

   Str:       It affects your strength (+4).
Jewellery
 c - a ring of see invisible (left hand)
 x - a +4 ring of slaying (right hand)
 z - a ring of protection from fire
Wands
 e - a wand of polymorph (11)
Scrolls
 d - a scroll of enchant armour {unknown}
 h - 2 scrolls of magic mapping {unknown}
 q - a scroll of noise {unknown}
 r - a scroll of fog {unknown}
 t - a scroll of summoning {unknown}
 w - a scroll of enchant weapon {unknown}
 y - a scroll of identify
Potions
 b - 2 potions of magic
 f - 2 potions of attraction
 j - 5 potions of curing
 k - a potion of mutation
 o - a potion of ambrosia
 p - a potion of lignification
 s - a potion of might {unknown}
 u - a potion of flight {unknown}


   Skills:
 + Level 2.5 Fighting
 + Level 2.7 Dodging
 + Level 3.8 Stealth
 + Level 3.2 Spellcasting
 * Level 5.6 Ice Magic


You had 4 spell levels left.
You knew the following spells:

 Your Spells              Type           Power      Damage    Failure   Level
a - Freeze                Ice            92%        1d10      1%          1
b - Frozen Ramparts       Ice            46%        1d7       6%          3
c - Ozocubu's Armour      Ice            23%        N/A       6%          3

Your spell library contained the following spells:

 Spells                   Type           Power      Damage    Failure   Level
 Foxfire                  Conj/Fire      8%         2x1d4     21%         1
 Conjure Flame            Conj/Fire      2%         6-21      52%         3
 Inner Flame              Hex/Fire       2%         N/A       52%         3
 Hailstorm                Conj/Ice       13%        3d5       52%         4
 Flame Wave               Conj/Fire      2%         2d4       89%         4


Dungeon Overview and Level Annotations

Branches:
Dungeon (4/15)             Temple (1/1) D:4

Altars:
Ashenzari
Cheibriados
Fedhas
Gozag
Hepliaklqana
Kikubaaqudgha
Makhleb
Nemelex Xobeh
Qazlal
Sif Muna
Uskayaw
Xom
Yredelemnul
Zin
The Shining One

Annotations:
Temple 2 transporters


Innate Abilities, Weirdness & Mutations

You are immune to sickness and miasma.
Your stone body is resilient. (AC +4)
You are immune to poison.
You resist negative energy. (rN+)
You are resistant to electric shocks. (rElec)
You are resistant to unholy torment.
You are immune to petrification.


Message History

An orc warrior comes into view. It is wielding a +0 war axe.
The wall freezes the orc priest.
The orc priest calls down the wrath of Beogh upon you.
Beogh smites you!
You hear a shout!
Casting: Frozen Ramparts (dangerous; 6% risk of failure)
Confirm with . or Enter, or press ? or * to list all spells.
A film of ice covers your body!
The wall freezes the orc warrior but does no damage.
The wall freezes the orc wizard.
The orc wizard points at you and mumbles some strange words.
The puff of flame hits you. The heat melts your icy armour.
You closely miss the orc wizard.
The orc wizard is almost dead.
The wall freezes the orc priest.
The wall freezes the orc wizard.
You kill the orc wizard!
Makhleb accepts your kill.
Unknown command.
The wall freezes the orc warrior.
The wall freezes the orc priest.
The orc priest mumbles some strange prayers to Beogh against you.
Beogh smites you!
* * * LOW HITPOINT WARNING * * *
You barely miss the orc warrior.
The orc warrior is lightly wounded.
The wall freezes the orc warrior but does no damage.
The orc warrior barely misses you.
The wall freezes the orc priest but does no damage.
The orc priest calls upon Beogh to heal the orc warrior.
The orc warrior's wounds heal themselves!
Casting: Ozocubu's Armour (dangerous; 6% risk of failure)
Confirm with . or Enter, or press ? or * to list all spells.
Aiming: Freeze (safe; 1% risk of failure)
Press: ? - help, Shift-Dir - straight line, f - orc warrior
Aim: an orc warrior, wielding a +0 war axe and wearing a +0 plate armour You freeze the orc warrior!
The orc warrior is moderately wounded.
The wall freezes the orc warrior.
The orc warrior hits you with a +0 war axe!
You die...

######.########
#.# #.# ########.#
.........#
##########
##################
.................#
################@#
#o# #.# #o. ###


You could see an orc warrior and an orc priest.

Vanquished Creatures
  A water moccasin (D:4)
  2 scorpions
  A hound (D:4)
  An iguana (D:4)
  An orc wizard (D:4)
  2 adders (D:2)
  4 dart slugs
  An orc (D:3)
  6 ball pythons
  6 bats
  11 endoplasms
  5 goblins
  6 hobgoblins (D:1)
  8 jackals
  A quokka (D:4)
  A frilled lizard (D:3)
  7 kobolds
  A rat (D:1)
65 creatures vanquished.

Notes
Turn   | Place    | Note
-------+----------+-------------------------------------------
     0 | D:1      | LustLizard the Gargoyle Ice Elementalist began the quest
                  | for the Orb.
     0 | D:1      | Reached XP level 1. HP: 10/10 MP: 3/3
   176 | D:1      | Reached XP level 2. HP: 9/15 MP: 0/5
   595 | D:1      | Reached XP level 3. HP: 20/20 MP: 1/6
   653 | D:1      | Learned a level 3 spell: Frozen Ramparts
   882 | D:1      | Found a faded altar of an unknown god.
  1143 | D:2      | Reached skill level 1 in Fighting
  1783 | D:2      | Reached XP level 4. HP: 25/25 MP: 5/7
  2395 | D:3      | Learned a level 3 spell: Ozocubu's Armour
  2497 | D:3      | Found a blossoming altar of Fedhas.
  2809 | D:3      | Noticed a scorpion
  2817 | D:3      | Killed a scorpion
  2818 | D:3      | Reached skill level 5 in Ice Magic
  2818 | D:3      | Reached XP level 5. HP: 27/30 MP: 0/8
  2948 | D:3      | Identified the +0 leather armour of Autumn {Str+4}
  3101 | D:4      | Found a staircase to the Ecumenical Temple.
  3116 | D:4      | Noticed a water moccasin
  3124 | D:4      | Killed a water moccasin
  3125 | D:4      | Reached XP level 6. HP: 32/35 MP: 3/10
  3146 | Temple   | Entered the Ecumenical Temple
  3146 | Temple   | Found a transporter.
  3146 | Temple   | Found a transporter.
  3148 | Temple   | Found a transporter.
  3148 | Temple   | Found a transporter.
  3172 | Temple   | Became a worshipper of Makhleb the Destroyer
  3293 | D:4      | Found an ancient bone altar of Kikubaaqudgha.
  3813 | D:4      | Noticed an orc warrior
  3818 | D:4      | Slain by an orc warrior

Illustrated notes

Levels and vault maps discovered:
D:1:      dpeg_arrival_water_temple_mockup, layout_basic,
          dreamdust_ecumenical_altar_statues
D:2:      layout_basic, dk_noncrumbling_2, kennysheep_nub, supply_closet_lemuel,
          minmay_pentomino_t2
D:3:      layout_loops_ring, fedhas_altar_1, nrook_campfire,
          kennysheep_generic_room_6
D:4:      layout_loops_ring, nicolae_kikubaaqudgha_miasma_corner,
          minmay_temple_entry_tees
Temple:   hellmonk_temple_divided_pantheon

Skill      XL: |  1  2  3  4  5  6 |
---------------+-------------------+-----
Fighting       | 1 2 |  2.5
Dodging        | 2 |  2.7
Stealth        | 3 |  3.8
Ice Magic      | 5 |  5.6
Spellcasting   | 3 |  3.2

Action                   |  1- 3 |  4- 6 || total
-------------------------+-------+-------++-------
Melee: Whip              |    48 |    56 ||   104
       Unarmed           |     5 |       ||     5
 Cast: Freeze            |    43 |    19 ||    62
       Frozen Ramparts   |       |     4 ||     4
       Ozocubu's Armour  |       |     2 ||     2
  Use: Scroll            |       |     5 ||     5
 Stab: Distracted        |     1 |       ||     1
       Sleeping          |       |     2 ||     2
Armor: Robe              |    30 |       ||    30
       Ring mail         |    15 |     9 ||    24
       Leather armour    |       |    12 ||    12
Dodge: Dodged            |    55 |    47 ||   102
